 Dungeon Crawl Stone Soup version 0.21.0-24-g2553a33 (webtiles) character file.

455 mopl the Poker (level 6, 0/43 HPs)
             Began as a Demonspawn Wanderer on Jan 20, 2018.
             Slain by an orc priest (3 damage)
             ... on level 4 of the Dungeon.
             The game lasted 00:06:18 (3999 turns).

mopl the Poker (Demonspawn Wanderer)                Turns: 3999, Time: 00:06:19

Health: 0/43       AC:  6    Str: 14    XL:     6   Next: 76%
Magic:  13/13      EV: 11    Int: 12    God:
Gold:   256        SH:  0    Dex: 14    Spells: 15/15 levels left

rFire    + . .     SeeInvis .   K - +0 dagger (venom)
rCold    . . .     Gourm    +   (no shield)
rNeg     . . .     Faith    .   d - +0 robe
rPois    +         Spirit   .   (no helmet)
rElec    .         Reflect  .   (no cloak)
rCorr    .         Harm     .   v - +0 pair of gloves (curse)
MR       .....                  u - +0 pair of boots
Stlth    +.........             E - amulet of the gourmand
HPRegen  0.14/turn              p - ring of loudness (curse)
MPRegen  0.13/turn              q - ring of poison resistance

@: no status effects
A: claws 1, molten scales 1, fire resistance 1
a: no special abilities


You were on level 4 of the Dungeon.
You were very full.

You visited 1 branch of the dungeon, and saw 4 of its levels.

You collected 256 gold pieces.

Inventory:

Hand Weapons
 a - a +2 spear
 K - a +0 dagger of venom (weapon)
Missiles
 h - 6 tomahawks (quivered)
 m - 36 poisoned needles
 w - 5 javelins
 M - 3 tomahawks of returning
Armour
 d - a +0 robe (worn)
 j - a +0 large shield
 u - a +0 pair of boots (worn)
 v - a cursed +0 pair of gloves (worn)
Jewellery
 l - an uncursed ring of protection from cold
 p - a cursed ring of loudness (left hand)
 q - a ring of poison resistance (right hand)
 z - an uncursed ring of resist corrosion
 A - an uncursed amulet of magic regeneration
 B - an uncursed ring of wizardry
 E - an amulet of the gourmand (around neck)
 O - an uncursed ring of see invisible
Wands
 J - a wand of digging (7)
Scrolls
 i - 2 scrolls of noise {unknown}
 n - a scroll of enchant weapon {unknown}
 o - a scroll of enchant armour {unknown}
 t - 4 scrolls of identify {unknown}
 x - a scroll of immolation {unknown}
 y - 2 scrolls of remove curse {unknown}
 G - a scroll of random uselessness {unknown}
 H - a scroll of blinking {unknown}
 L - a scroll of magic mapping {unknown}
Potions
 e - a potion of degeneration {unknown}
 g - a potion of might
 k - a potion of curing
 r - a potion of flight {unknown}
 s - 2 potions of berserk rage {!q}
 C - a potion of cancellation {unknown}
 D - 2 potions of brilliance {unknown}
 I - a potion of invisibility {unknown}
 N - a potion of magic {unknown}
Books
 b - the Volume of Heat

   Spells                             Type                      Level
   a - Flame Tongue                   Conjuration/Fire             1
   b - Ignite Poison                  Fire/Transmutation/Poison    3
 c - the Incunabulum of Beguiling

   Spells                             Type                      Level
   a - Corona                         Hexes                        1
   b - Confuse                        Hexes                        3
 F - a book of Cantrips

   Spells                             Type                      Level
   a - Confusing Touch                Hexes                        1
   b - Animate Skeleton               Necromancy                   1
   c - Summon Small Mammal            Summoning                    1
   d - Apportation                    Translocation                1
Comestibles
 f - 7 rations


   Skills:
 - Level 1.0 Fighting
 + Level 6.4 Polearms
 - Level 1.7 Armour
 - Level 1.7 Stealth
 - Level 5.0 Spellcasting


You had 15 spell levels left.
You didn't know any spells.

Dungeon Overview and Level Annotations

Branches:
Dungeon (4/15)
 Temple: D:4-7

Altars:
Gozag
Makhleb


Innate Abilities, Weirdness & Mutations

You have sharp fingernails.
You are partially covered in molten scales. (AC +2)
Your flesh is heat resistant. (rF+)


Message History

The orc priest invokes the aid of Beogh against you.
Beogh smites you!
* * * LOW HITPOINT WARNING * * *
Throwing (i - inventory. (,) - cycle):
h - 7 tomahawks (quivered)
Press: ? - help, Shift-Dir - straight line, f - orc priest
Aim: an orc priest, wearing a chain mail You throw a tomahawk.
The tomahawk hits the orc priest but does no damage.
The orc priest hits you.
* * * LOW HITPOINT WARNING * * *
Unknown command.
You hit the orc priest but do no damage.
The orc priest barely misses you.
You hit the orc priest but do no damage.
The orc priest is poisoned.
The orc priest invokes the aid of Beogh against you.
You barely resist.
You hit the orc priest but do no damage.
The orc priest hits you.
You die...

#.....# #.# #.##### #.#
#.# .......#.# #.#
..oo.o.#.# #.##########
.......#.# #...##......
.......#.# #.#.##.##...
.......#.#####......#....
....o.o#@......###..#....
.......#o......# #.......
.......)).##.###.###.#...
##...##.#....# .. #....#
#. #.#..###.# ###..#
#.#......# #.## ###
#.#.†###.# ###.# ..
#.#....# .. #...# .####.
#.#.##.###.###.###


You could see an orc priest.

Vanquished Creatures
  Blork the orc (D:4)
  A bullfrog (D:4)
  2 scorpions (D:4)
  An orc wizard (D:4)
  2 iguanas
  3 adders
  2 oozes
  4 worms
  2 dart slugs
  11 orcs
  4 bats
  2 giant cockroaches
  9 goblins
  8 hobgoblins
  7 jackals
  9 kobolds
  2 quokkas
  4 ball pythons
  3 frilled lizards
  A leopard gecko skeleton (D:4)
  8 rats
86 creatures vanquished.

Vanquished Creatures (others)
  A plant (D:3)
1 creature vanquished.

Grand Total: 87 creatures vanquished

Notes
Turn   | Place    | Note
-------+----------+-------------------------------------------
     0 | D:1      | mopl the Demonspawn Wanderer began the quest for the Orb.
     0 | D:1      | mopl set off with: a +2 spear, the Volume of Heat, the Incunabulum of Beguiling, a +0 robe, a +0 dagger, a ration
     0 | D:1      | Reached XP level 1. HP: 15/15 MP: 6/6
     0 | D:1      | Identified the Volume of Heat
     0 | D:1      | Identified the Incunabulum of Beguiling
    44 | D:1      | Reached skill level 1 in Polearms
    93 | D:1      | Gained mutation: Your flesh is heat resistant. (rF+) [demonic ancestry]
    93 | D:1      | Reached XP level 2. HP: 15/21 MP: 8/8
   321 | D:1      | Reached skill level 2 in Polearms
   747 | D:2      | Gained mutation: You are partially covered in molten scales. (AC +2) [demonic ancestry]
   747 | D:2      | Reached XP level 3. HP: 20/26 MP: 9/9
  1030 | D:2      | Reached skill level 3 in Polearms
  1526 | D:2      | Reached XP level 4. HP: 25/32 MP: 11/11
  2182 | D:3      | Found an opulent altar of Gozag.
  2205 | D:3      | Found a burning altar of Makhleb.
  2496 | D:3      | Reached skill level 4 in Polearms
  3020 | D:4      | HP: 2/48 [poisoned by an orc wizard]
  3021 | D:4      | Reached XP level 5. HP: 2/37 MP: 12/12
  3272 | D:4      | Noticed Blork the orc
  3288 | D:4      | Killed Blork the orc
  3288 | D:4      | Reached skill level 5 in Polearms
  3475 | D:4      | Gained mutation: You have sharp fingernails. [demonic ancestry]
  3475 | D:4      | Reached XP level 6. HP: 26/43 MP: 13/13
  3956 | D:4      | Reached skill level 6 in Polearms
  3999 | D:4      | Slain by an orc priest

Skill      XL: |  1  2  3  4  5  6 |
---------------+-------------------+-----
Polearms       | 1 2 3 4 5 6 |  6.4
Fighting       | |  1.0
Armour         | |  1.7
Stealth        | |  1.7
Spellcasting   | |  5.0

Action                   |  1- 3 |  4- 6 || total
-------------------------+-------+-------++-------
Melee: Spear             |   127 |   143 ||   270
       Dagger            |       |    59 ||    59
Throw: Tomahawk          |       |     3 ||     3
  Use: Potion            |       |     3 ||     3
 Stab: Sleeping          |     2 |       ||     2
  Eat: Chunk             |     2 |    25 ||    27
Armor: Robe              |    24 |    45 ||    69
Dodge: Dodged            |    59 |    94 ||   153
